 Dungeon Crawl Stone Soup version 0.29.1-2-gbd0b4ee654 (webtiles) character file.

Game seed: 17498404243099115624

95 plokij the Shield-Bearer (level 4, -7/40 HPs)
             Began as a Minotaur Fighter on Oct 23, 2022.
             Splashed by a jelly's acid (8 damage)
             ... on level 3 of the Dungeon.
             The game lasted 00:05:23 (2714 turns).

plokij the Shield-Bearer (Minotaur Fighter)         Turns: 2714, Time: 00:05:23

Health: -7/40      AC:  8    Str: 21    XL:     4   Next: 40%
Magic:  3/3        EV:  9    Int:  5    God:
Gold:   105        SH:  4    Dex: 11    Spells: 3/3 levels left

rFire   . . .      SeeInvis .   a - +0 long sword
rCold   . . .      Faith    .   c - +0 buckler
rNeg    . . .      Spirit   .   b - +0 scale mail
rPois   .          Reflect  .   h - +1 hat
rElec   .          Harm     .   (no cloak)
rCorr   .          Rampage  .   (no gloves)
Will    .....                   (no boots)
Stlth   ..........              (no amulet)
HPRegen 0.13/turn               (no ring)
MPRegen 0.08/turn               (no ring)

@: no status effects
A: horns 2, retaliatory headbutt
a: no special abilities


You were on level 3 of the Dungeon.
You visited 1 branch of the dungeon, and saw 3 of its levels.

You collected 105 gold pieces.

Inventory:

Hand Weapons
 a - a +0 long sword (weapon)
 k - a +2 vorpal hand axe
Armour
 b - a +0 scale mail (worn)
 c - a +0 buckler (worn)
 h - a +1 hat (worn)
Magical Staves
 B - a staff of earth
Jewellery
 u - an amulet of faith
 x - a ring of see invisible
Scrolls
 e - a scroll of immolation {unknown}
 f - a scroll of fear {unknown}
 g - 2 scrolls of blinking {unknown}
 l - a scroll of acquirement {unknown}
 n - 2 scrolls of noise {unknown}
 r - a scroll of teleportation {unknown}
 v - a scroll of identify {unknown}
 w - a scroll of butterflies {unknown}
 y - a scroll of vulnerability {unknown}
Potions
 d - a potion of might
 i - 2 potions of mutation {unknown}
 j - a potion of haste {unknown}
 m - a potion of cancellation {unknown}
 o - a potion of berserk rage {unknown}
 p - 2 potions of curing {unknown}
 q - a potion of flight {unknown}
 s - 3 potions of lignification {unknown}
 t - a potion of brilliance {unknown}
 z - a potion of heal wounds {unknown}
 A - a potion of resistance {unknown}


   Skills:
 + Level 4.1 Fighting
 * Level 3.8 Long Blades
 + Level 4.1 Armour
 + Level 1.5 Dodging
 + Level 4.2 Shields


You had 3 spell levels left.
You didn't know any spells.
Your spell library contained the following spells:

 Spells                   Type           Power      Damage    Failure   Level
 Shock                    Conj/Air       0%         1d3       88%         1
 Ozocubu's Armour         Ice            0%         N/A       99%         3
 Swiftness                Air            0%         N/A       99%         3
 Airstrike                Air            0%         2d(0-16)  100%        4
 Ozocubu's Refrigeration  Ice            0%         4d7       100%        7


Dungeon Overview and Level Annotations

Branches:
Dungeon (3/15)

Altars:
Makhleb


Innate Abilities, Weirdness & Mutations

You have a pair of horns on your head.
You reflexively headbutt those who attack you in melee.


Message History

You kill the giant cockroach!
An endoplasm comes into view.
A gnoll comes into view. It is wielding a +0 club.
You block the goblin's attack.
The gnoll shouts!
The endoplasm quivers.
You slash the goblin!
You kill the goblin!
The jelly closely misses you.
A kobold comes into view. It is wielding a +0 whip.
Things that are here:
a +0 club; a giant cockroach corpse You barely miss the jelly.
The kobold shouts!
The jelly hits you. The acid corrodes you!
You are splashed with acid.
You hit the jelly.
Your hands burn!
You headbutt the jelly.
The jelly is heavily wounded.
The jelly hits you.
You are splashed with acid!
A gnoll comes into view. It is wielding a +0 club.
The gnoll hits you from afar with a +0 spear!
* * * LOW HITPOINT WARNING * * *
The jelly attacks as you move away! You block the jelly's attack.
The jelly attacks as you move away! The jelly hits you.
* * * LOW HITPOINT WARNING * * *
You are splashed with acid!
* * * LOW HITPOINT WARNING * * *
The jelly attacks as you move away! You block the jelly's attack.
You are no longer corroded.
The gnoll shouts!
The jelly attacks as you move away! The jelly closely misses you.
The gnoll shouts!
You hear a shout!
The gnoll throws a poisoned dart.
The poisoned dart barely misses you. The gnoll barely misses you.
You block the gnoll's attack.
You see here an adder skeleton.
The gnoll attacks as you move away! The gnoll hits you but does no damage.
The jelly hits you.
* * * LOW HITPOINT WARNING * * *
You are splashed with acid!
You die...

......######.##
###.#..#.## ......#
....###.##.#..#
....#..# #...#.....#..#
....##.# #....<..##...
...(. ..# ###.....#
#### ....# ...#
#.####### .#### ...#
##g.......
#...#######g.####### #
#.#......@÷g.# #.
#....)##.J.### #.######
#..###J### #......#
#.....#
##.....######.###
.......##...K.#########
.......##.###.........#
.....g....###.......(.#
.....†g...............#


You could see a jelly, 3 gnolls, an endoplasm and a kobold.

Vanquished Creatures
  A gnoll (D:3)
  2 adders (D:3)
  A worm (D:2)
  2 dart slugs (D:1)
  An orc (D:2)
  7 ball pythons
  3 bats
  5 endoplasms
  6 giant cockroaches
  4 hobgoblins
  4 jackals (D:1)
  5 kobolds
  3 quokkas
  2 frilled lizards (D:1)
  4 goblins
  5 rats
55 creatures vanquished.

Vanquished Creatures (others)
  17 plants (D:3)
17 creatures vanquished.

Grand Total: 72 creatures vanquished

Notes
Turn   | Place    | Note
-------+----------+-------------------------------------------
     0 | D:1      | plokij the Minotaur Fighter began the quest for the Orb.
     0 | D:1      | Reached XP level 1. HP: 19/19 MP: 0/0
   127 | D:1      | Reached XP level 2. HP: 6/27 MP: 1/1
   640 | D:1      | Reached skill level 1 in Dodging
   846 | D:1      | Reached XP level 3. HP: 30/33 MP: 2/2
  1019 | D:1      | Found a faded altar of an unknown god.
  1911 | D:3      | Found a burning altar of Makhleb.
  2182 | D:3      | Reached XP level 4. HP: 29/40 MP: 3/3
  2714 | D:3      | HP: 1/40 [jelly (3)]
  2714 | D:3      | Splashed by a jelly's acid

Illustrated notes

Levels and vault maps discovered:
D:1:      dpeg_arrival_renting, layout_loops_ring,
          shapermc_ecumenical_altar_mp_highgroup
D:2:      layout_rooms, supply_closet_lemuel
D:3:      layout_rooms, nemelex_diamond_rough_becter, bloody_makhleb,
          nicolae_grassy_gnolls

Skill      XL: |  1  2  3 |
---------------+----------+-----
Long Blades    | 3 |  3.8
Dodging        | 1 |  1.5
Shields        | 4 |  4.2
Fighting       | 4 |  4.1
Armour         | 4 |  4.1

Action                   |  1- 3 |  4- 6 || total
-------------------------+-------+-------++-------
Melee: Long sword        |   100 |    26 ||   126
       Headbutt          |    10 |     8 ||    18
Armor: Scale mail        |    50 |    14 ||    64
Dodge: Dodged            |    62 |    14 ||    76
Block: Buckler           |    22 |    12 ||    34
